 Dungeon Crawl Stone Soup version 0.22.0-60-ga52c2fcf6e (webtiles) character file.

521362 Kniotic the Ninja (level 24, -10/115 HPs)
             Began as a Spriggan Assassin on Sept 9, 2018.
             Was an Initiate of Gozag.
             Splashed by an acid blob's acid (12 damage)
             ... on level 5 of the Pits of Slime on Sept 10, 2018.
             The game lasted 06:39:03 (86985 turns).

Kniotic the Ninja (Spriggan Assassin)              Turns: 86985, Time: 06:39:03

Health: -10/115    AC: -4    Str: 10    XL:     24   Next: 12%
Magic:  0/47       EV: 47    Int: 15    God:    Gozag
Gold:   4486       SH:  0    Dex: 43    Spells: 21/62 levels left

rFire    + . .     SeeInvis +   l - +7 rapier of Quadugei {pierce, Fragile rElec rPois Dex+5}
rCold    + + .     Gourm    .   (shield restricted)
rNeg     + . .     Faith    .   B - +1 robe of Baldness {MR+ Str+3 Slay+6}
rPois    +         Spirit   +   Q - +2 hat of the Bear Spirit {Spirit, +Rage rN+ MR++}
rElec    +         Reflect  .   f - +2 cloak of the Thief {+Fog Slay-2 SInv Stlth+}
rCorr    .         Harm     .   (gloves unavailable)
MR       +++++                  (boots unavailable)
Stlth    ++++++++++             h - amulet "Lupt" {rC++ MR- Regen+ Slay+5}
HPRegen  0.69/turn              T - ring of Mafrepaq {rF+ Dex+6}
MPRegen  0.30/turn              b - ring "Ufun" {MR+ Dex+6 Slay+2 SInv Stlth+}

@: corroded, very slightly contaminated, very quick
A: very small, unfitting armour, see invisible, herbivore, speed 3, slow
metabolism 2
}: 3/15 runes: serpentine, barnacled, silver
a: Potion Petition, Call Merchant, Bribe Branch, Renounce Religion, Evoke Fog,
Evoke Berserk Rage


You were on level 5 of the Pits of Slime.
You worshipped Gozag.
Gozag was most pleased with you.
You were hungry.

You visited 9 branches of the dungeon, and saw 47 of its levels.
You also visited: Labyrinth, Ice Cave and Wizlab.

You collected 26112 gold pieces.
You spent 8040 gold pieces at shops.
You paid 13586 gold pieces to Gozag.

Inventory:

Hand Weapons
 l - the +7 rapier of Quadugei (weapon) {pierce, Fragile rElec rPois Dex+5}
   (You bought it in a shop on level 1 of the Snake Pit)

   It inflicts extra damage upon your enemies.
   It affects your dexterity (+5).
   It insulates you from electricity.
   It protects you from poison.
   It will be destroyed if unequipped.
Armour
 f - the +2 cloak of the Thief (worn) {+Fog Slay-2 SInv Stlth+}
   (You bought it in a shop on level 2 of the Lair of Beasts)

   It affects your accuracy and damage with ranged weapons and melee attacks
   (-2).
   It lets you see invisible.
   It makes you more stealthy.
 u - a scarf of cloud immunity
 y - the +0 mask of the Dragon {MR+ Slay+3 SInv}
   (You found it on level 3 of the Elven Halls)

   It affects your accuracy and damage with ranged weapons and melee attacks
   (+3).
   It affects your resistance to hostile enchantments.
   It lets you see invisible.
 B - the +1 robe of Baldness (worn) {MR+ Str+3 Slay+6}
   (You bought it in a shop on level 8 of the Dungeon)

   It affects your strength (+3).
   It affects your accuracy and damage with ranged weapons and melee attacks
   (+6).
   It affects your resistance to hostile enchantments.
 E - the +2 robe of a ziggurat {rElec Regen+ Dex+4}
   (You bought it in a shop on level 8 of the Dungeon)

   It affects your dexterity (+4).
   It insulates you from electricity.
   It increases your rate of regeneration.
 Q - the +2 hat of the Bear Spirit (worn) {Spirit, +Rage rN+ MR++}
   (You bought it in a shop on level 5 of the Lair of Beasts)

   It protects you from negative energy.
   It affects your resistance to hostile enchantments.
   It lets you go berserk.
Jewellery
 b - the ring "Ufun" (right hand) {MR+ Dex+6 Slay+2 SInv Stlth+}
   (You bought it in a shop on level 2 of the Orcish Mines)

   [ring of stealth]

   It affects your dexterity (+6).
   It affects your accuracy and damage with ranged weapons and melee attacks
   (+2).
   It affects your resistance to hostile enchantments.
   It lets you see invisible.
   It makes you more stealthy.
 e - an uncursed ring of wizardry
 h - the amulet "Lupt" (around neck) {rC++ MR- Regen+ Slay+5}
   (You bought it in a shop on level 2 of the Orcish Mines)

   [amulet of regeneration]

   It affects your accuracy and damage with ranged weapons and melee attacks
   (+5).
   It greatly protects you from cold.
   It affects your resistance to hostile enchantments.
   It increases your rate of regeneration.
 n - a +3 ring of evasion
 K - the cursed ring "Zaarad" {-Tele rPois rN+++ EV-2 Int+3, unknown}
   (You took it off a deep elf sorcerer on level 5 of the Vaults)

   [ring of evasion]

   It affects your evasion (-2).
   It affects your intelligence (+3).
   It protects you from poison.
   It renders you almost immune to negative energy.
   It prevents most forms of teleportation.
   It has a curse placed upon it.
 T - the ring of Mafrepaq (left hand) {rF+ Dex+6}
   (You bought it in a shop on level 8 of the Dungeon)

   [ring of protection from fire]

   It affects your dexterity (+6).
   It protects you from fire.
Wands
 c - a wand of paralysis (7)
 G - a wand of digging (20)
Scrolls
 d - 2 scrolls of brand weapon
 i - 12 scrolls of amnesia
 j - 2 scrolls of enchant weapon
 k - 19 scrolls of teleportation
 m - 26 scrolls of remove curse
 r - 5 scrolls of fog
 t - a scroll of torment
 w - 6 scrolls of magic mapping
 x - 7 scrolls of blinking
 z - 9 scrolls of immolation
 C - 7 scrolls of enchant armour
 J - 6 scrolls of identify
 P - 2 scrolls of fear
 R - 2 scrolls of silence
 S - a scroll of vulnerability
 V - a scroll of holy word
Potions
 a - 10 potions of curing
 o - 2 potions of cancellation
 p - 11 potions of haste
 q - 7 potions of might
 s - 12 potions of mutation
 v - 9 potions of lignification
 A - 4 potions of ambrosia
 D - 3 potions of brilliance
 F - 4 potions of flight
 H - 5 potions of resistance
 I - 6 potions of heal wounds
 L - 2 potions of berserk rage
 M - 4 potions of magic
 N - 9 potions of agility
 W - 4 potions of invisibility
Miscellaneous
 X - a fan of gales
Comestibles
 g - 21 rations


   Skills:
 - Level 8.0 Fighting
 + Level 18.3 Short Blades
 - Level 2.0 Throwing
 + Level 22.7 Dodging
 O Level 27 Stealth
 + Level 19.6 Spellcasting
 * Level 25.3 Hexes
 - Level 9.3 Air Magic


You had 21 spell levels left.
You knew the following spells:

 Your Spells              Type           Power        Failure   Level  Hunger
a - Confusing Touch       Hex            ######       0%          1    None
b - Confuse               Hex            ######..     0%          3    None
c - Mephitic Cloud        Conj/Pois/Air  ###.....     3%          3    None
d - Summon Mana Viper     Hex/Summ       ######..     1%          5    ###....
e - Cause Fear            Hex            ######....   0%          4    None
f - Darkness              Hex            ######....   1%          6    #####..
g - Invisibility          Hex            ######..     1%          6    #####..
h - Yara's Violent Unrav  Hex/Tmut       ######....   1%          5    ###....
i - Discord               Hex            ######....   1%          8    #######

Your spell library contained the following spells:

 Spells                   Type           Power        Failure   Level  Hunger
 Corona                   Hex            ######.      0%          1    None
 Slow                     Hex            ######..     0%          2    None
 Tukima's Dance           Hex            ######..     0%          3    None
 Shock                    Conj/Air       ####         1%          1    None
 Ensorcelled Hibernation  Hex/Ice        ######       1%          2    None
 Poisonous Vapours        Pois/Air       ####..       1%          2    None
 Swiftness                Chrm/Air       ####....     1%          2    None
 Dazzling Spray           Conj/Hex       ######       1%          3    None
 Inner Flame              Hex/Fire       ######..     1%          3    None
 Portal Projectile        Hex/Tloc       ######       1%          3    None
 Spectral Weapon          Hex/Chrm       ######..     1%          3    None
 Static Discharge         Conj/Air       ####....     1%          3    None
 Summon Guardian Golem    Hex/Summ       ######..     1%          3    None
 Airstrike                Air            #####.....   1%          4    None
 Fulminant Prism          Conj/Hex       ######....   1%          4    None
 Leda's Liquefaction      Hex/Erth       ######....   1%          4    None
 Metabolic Englaciation   Hex/Ice        ######....   1%          5    ###....
 Silence                  Hex/Air        ######....   1%          5    ###....
 Animate Skeleton         Necr           N/A          3%          1    None
 Apportation              Tloc           ##....       3%          1    None
 Beastly Appendage        Tmut           ##....       3%          1    None
 Flame Tongue             Conj/Fire      ##...        3%          1    None
 Freeze                   Ice            ##..         3%          1    None
 Infusion                 Chrm           ##..         3%          1    None
 Magic Dart               Conj           ##..         3%          1    None
 Pain                     Necr           ##..         3%          1    None
 Sting                    Conj/Pois      ##..         3%          1    None
 Summon Butterflies       Summ           ##......     3%          1    None
 Summon Small Mammal      Summ           ##..         3%          1    None
 Call Imp                 Summ           ##......     5%          2    None
 Corpse Rot               Necr           N/A          5%          2    None
 Passwall                 Tmut/Erth      ##......     5%          2    None
 Searing Ray              Conj           ##....       5%          2    None
 Shroud of Golubria       Chrm/Tloc      ##........   5%          2    None
 Song of Slaying          Chrm           ##......     5%          2    None
 Sticks to Snakes         Tmut           ##......     5%          2    None
 Sublimation of Blood     Necr           ##........   5%          2    None
 Summon Lightning Spire   Summ/Air       ####....     5%          4    None
 Call Canine Familiar     Summ           ##......     11%         3    None
 Conjure Flame            Conj/Fire      ##......     11%         3    None
 Gell's Gravitas          Tloc           ##........   11%         3    None
 Ignite Poison            Fire/Tmut/Pois ##......     11%         3    None
 Ozocubu's Armour         Chrm/Ice       ##......     11%         3    None
 Recall                   Summ/Tloc      N/A          11%         3    None
 Regeneration             Chrm/Necr      ##........   11%         3    None
 Spider Form              Tmut/Pois      ##........   11%         3    None
 Stone Arrow              Conj/Erth      ##....       11%         3    None
 Vampiric Draining        Necr           ##........   11%         3    None
 Lightning Bolt           Conj/Air       ####......   16%         5    ###....
 Animate Dead             Necr           N/A          34%         4    None
 Force Lance              Conj/Tloc      ##......     34%         4    None
 Ice Form                 Ice/Tmut       ##......     34%         4    None
 Iskenderun's Mystic Bla  Conj           ##......     34%         4    None
 Olgreb's Toxic Radiance  Pois           ##......     34%         4    None
 Passage of Golubria      Tloc           N/A          34%         4    None
 Petrify                  Tmut/Erth      ##......     34%         4    None
 Summon Ice Beast         Ice/Summ       ##......     34%         4    None
 Conjure Ball Lightning   Conj/Air       ####......   63%         6    #####..
 Deflect Missiles         Chrm/Air       ####......   63%         6    #####..
 Agony                    Necr           ##......     69%         5    ###....
 Aura of Abjuration       Summ           ##........   69%         5    ###....
 Blade Hands              Tmut           ##........   69%         5    ###....
 Bolt of Draining         Conj/Necr      ##........   69%         5    ###....
 Bolt of Magma            Conj/Fire/Erth ##........   69%         5    ###....
 Dispel Undead            Necr           ##......     69%         5    ###....
 Excruciating Wounds      Chrm/Necr      ##........   69%         5    ###....
 Fireball                 Conj/Fire      ##........   69%         5    ###....
 Iskenderun's Battlesphe  Conj/Chrm      ##......     69%         5    ###....
 Lee's Rapid Deconstruct  Erth           ##........   69%         5    ###....
 Summon Demon             Summ           ##........   69%         5    ###....
 Summon Forest            Summ/Tloc      ##........   69%         5    ###....
 Venom Bolt               Conj/Pois      ##........   69%         5    ###....
 Freezing Cloud           Conj/Ice/Air   ###.......   83%         6    #####..
 Bolt of Fire             Conj/Fire      ##........   99%         6    #####..
 Hydra Form               Tmut           ##........   99%         6    #####..
 Iron Shot                Conj/Erth      ##........   99%         6    #####..
 Poison Arrow             Conj/Pois      ##........   99%         6    #####..
 Shadow Creatures         Summ           N/A          99%         6    #####..
 Statue Form              Tmut/Erth      ##.......    99%         6    #####..
 Dragon Form              Tmut           ##........   100%        7    ######.
 Malign Gateway           Summ/Tloc      ##........   100%        7    ######.
 Orb of Destruction       Conj           ##........   100%        7    ######.
 Ring of Flames           Chrm/Fire      ##........   100%        7    ######.
 Spellforged Servitor     Conj/Summ      ##........   100%        7    ######.
 Summon Hydra             Summ           ##........   100%        7    ######.
 Chain Lightning          Conj/Air       ####......   100%        8    #######
 Ignition                 Fire           ##........   100%        8    #######
 Lehudib's Crystal Spear  Conj/Erth      ##........   100%        8    #######
 Dragon's Call            Summ           ##........   100%        9    #######
 Fire Storm               Conj/Fire      ##........   100%        9    #######
 Glaciate                 Conj/Ice       ##........   100%        9    #######
 Shatter                  Erth           ##........   100%        9    #######
 Tornado                  Air            #####.....   100%        9    #######


Dungeon Overview and Level Annotations

Branches:
Dungeon (15/15)            Temple (0/1) D:6            Lair (6/6) D:8
 Shoals (4/4) Lair:2        Snake (4/4) Lair:2        Slime (5/5) Lair:5
    Orc (2/2) D:11            Elf (3/3) Orc:2        Vaults (5/5) D:13
  Crypt (3/3) Vaults:2       Tomb (0/3) Crypt:3      Depths (0/5) D:15

Altars:
Cheibriados
Dithmenos
Fedhas
Gozag
Hepliaklqana
Makhleb
Ru
Sif Muna
Trog
Uskayaw
Vehumet
Wu Jian
Xom
Yredelemnul
The Shining One
Beogh
Jiyva

Shops:
D:5 =   D:8 =[   D:11 *   D:14 *   D:15 ::   Orc:1 *   Orc:2 =*=[(   Elf:1 (}=(
Elf:3 (   Lair:2 [   Lair:5 [   Shoals:2 =   Snake:1 ([(   Snake:4 [
Vaults:1 !   Vaults:2 *   Vaults:4 *   Vaults:5 *}

Annotations:
D:11 with artifact ring and book
Lair:1 exclusion: oklob plant
Lair:2 exclusion: oklob plant
Slime:5 Royal Jelly


Innate Abilities, Weirdness & Mutations

You are very small and have problems with some larger weapons.
You are too small for most types of armour.
You have supernaturally acute eyesight. (SInv)
You are a herbivore.
You cover ground extremely quickly.
You need to consume almost no food.


Message History

* * * LOW HITPOINT WARNING * * *
The acid blob spits acid at you. The splash of acid hits you!
* * * LOW HITPOINT WARNING * * *
You are splashed with acid!
The acid burns!
* * * LOW HITPOINT WARNING * * *
Okay, then.
Press: ? - help, v - describe, . - travel The floor.
Unknown command.
Blink to where?
Press: ? - help, Dir - move target cursor You are very lightly contaminated with residual magic.
As you read the scroll of blinking, it crumbles to dust.
The acid blob spits acid at you. The splash of acid hits you!
* * * LOW HITPOINT WARNING * * *
The acid corrodes you!
You are splashed with acid!
The acid burns!
You die...
Your body crumbles into a pile of gold.

###########..#..
#.....#.#.......
##...............
###................
##..................
#...................
#...................
#....ยง..............
###..@................
#####.....................
##.........................
#.#..............J.J....... ###
#................J.........
#..###.........................
........................#.#...
##...................####.####
#.#.....$..........###$ ..


You could see 2 acid blobs.

Vanquished Creatures
  2 ancient liches
  A greater mummy (Crypt:3)
  Margery (Crypt:3)
  3 golden dragons (Vaults:5)
  Nikola (Snake:4)
  A profane servitor (Crypt:3)
  2 bone dragons
  3 tentacled monstrosities (Vaults:5)
  A lich (Crypt:3)
  3 deep elf blademasters
  2 titans (Vaults:5)
  2 deep elf master archers (Elf:3)
  9 acid blobs
  A quicksilver dragon (Vaults:5)
  Polyphemus (Shoals:3)
  6 ancient champions
  Frances (Elf:1)
  8 tengu reavers
  Ilsuiw (Shoals:4)
  Kirke (Snake:4)
  A shadow dragon (Vaults:5)
  3 sphinxes
  Gastronok (Orc:1)
  A storm dragon (Vaults:5)
  8 nagarajas
  2 fire giants (Vaults:4)
  4 azure jellies
  2 revenants
  11 vault wardens
  3 deep elf sorcerers
  3 frost giants
  4 curse skulls
  2 orc warlords
  2 deep elf elementalists (Elf:3)
  10 ironheart preservers
  7 very ugly things (Vaults:5)
  7 stone giants
  7 ghouls
  A war gargoyle (Vaults:4)
  An entropy weaver (Vaults:4)
  6 deep elf demonologists
  2 vampire knights
  Azrael (Elf:2)
  A minotaur (Lab)
  7 deep elf annihilators
  8 deep elf death magi
  11 eidola
  A crystal guardian (Vaults:4)
  7 merfolk javelineers (Shoals:4)
  3 ettins
  A mummy priest (Crypt:3)
  2 fire dragons
  10 jiangshi
  4 deep elf high priests
  10 merfolk impalers
  8 yaktaur captains
  13 ogre magi
  Harold (Orc:1)
  Erolcha (D:10)
  Fannar (D:10)
  14 naga warriors
  3 ice dragons
  4 hydras
  5 great orbs of eyes
  13 vault guards
  2 rakshasas (Vaults:3)
  5 catoblepae
  2 merfolk aquamancers
  Erica (D:10)
  The ghost of raetorn the Transmogrifier, a journeyman DgTm (D:10)
  30 two-headed ogres
  5 anacondas
  3 satyrs
  3 merfolk avatars
  An alligator snapping turtle (Shoals:2)
  A tengu warrior (D:14)
  6 death knights
  10 centaur warriors
  6 death yaks
  6 vampire magi
  Urug (Lair:1)
  13 naga sharpshooters
  5 orc high priests
  2 titan zombies (Crypt:3)
  8 shock serpents
  13 deep elf knights
  A soul eater (Crypt:1)
  A shadow wraith (Vaults:3)
  A storm dragon zombie (Vaults:3)
  7 hell knights
  13 sea snakes
  A ghost moth zombie (Crypt:3)
  A golden dragon zombie (Crypt:3)
  7 naga ritualists
  20 skeletal warriors
  4 salamander mystics
  9 deep trolls
  4 unseen horrors
  5 flayed ghosts
  2 anaconda zombies (Crypt:3)
  A glowing orange brain (Vaults:2)
  3 wizards
  24 orc knights
  15 deep elf archers
  An iron giant skeleton (Crypt:1)
  A harpy (shapeshifter) (Vaults:4)
  20 phantasmal warriors
  2 harpies (Shoals:4)
  3 shadow dragon zombies (Crypt:3)
  13 ironbrand convokers
  A wolf spider zombie (D:15)
  5 necromancers
  2 frost giant zombies (Crypt:3)
  8 wolf spiders
  An iron dragon zombie (Crypt:3)
  5 shining eyes
  12 ugly things
  6 orc sorcerers
  58 deep elf magi
  7 mana vipers
  A salamander (shapeshifter) (Vaults:3)
  10 cyclopes
  A sphinx skeleton (Vaults:3)
  26 fauns
  13 manticores
  2 stone giant zombies (Crypt:3)
  14 salamanders
  14 naga magi
  4 elephants (Lair:6)
  4 guardian serpents
  A human skeleton (Vaults:3)
  15 merfolk sirens
  A stone giant skeleton (Crypt:2)
  6 water nymphs
  An eye of devastation (shapeshifter) (Vaults:5)
  A spiny frog (shapeshifter) (Vaults:2)
  35 black mambas
  7 vault sentinels
  Maurice (Orc:1)
  A dire elephant zombie (Crypt:3)
  4 rime drakes
  5 centaur skeletons
  4 gargoyles
  2 efreet
  3 eyes of devastation
  14 spiny frogs
  6 komodo dragons
  24 yaktaurs
  A kobold demonologist (D:14)
  2 guardian mummies (Crypt:3)
  13 freezing wraiths
  A red draconian zombie (Crypt:2)
  2 tengu conjurers
  2 hydra zombies (Crypt:3)
  13 trolls
  2 jumping spiders (Crypt:3)
  37 merfolk
  2 hornets
  A hydra skeleton (Crypt:2)
  8 wind drakes
  16 polar bears
  27 blink frogs
  A tengu simulacrum (Vaults:2)
  Grinder (D:6)
  An alligator zombie (Crypt:3)
  Prince Ribbit (D:6)
  50 slime creatures
  11 snapping turtles
  An ettin zombie (Crypt:2)
  8 dream sheep
  10 hippogriffs
  A fire dragon zombie (Crypt:3)
  A centaur simulacrum (D:15)
  10 flying skulls (Crypt:1)
  4 vampires (WizLab)
  4 shadows
  13 water elementals
  4 air elementals
  8 wraiths
  5 redbacks
  2 spriggans
  4 wyverns
  An ushabti (Crypt:3)
  A fire dragon skeleton (Crypt:2)
  3 golden eyes (Slime:2)
  A golden eye (shapeshifter) (Vaults:2)
  3 hogs (Snake:4)
  57 yaks
  A steam dragon (D:6)
  A tyrant leech zombie (Crypt:2)
  A basilisk (shapeshifter) (Vaults:4)
  2 basilisks
  4 fire elementals
  A hungry ghost (D:9)
  7 vampire mosquitoes
  Grum (D:8)
  A harpy simulacrum (D:15)
  Edmund (D:5)
  4 wargs
  61 nagas
  4 two-headed ogre zombies (WizLab)
  A soldier ant (D:14)
  3 acid dragons
  Duvessa (D:4)
  4 hell hounds (Elf:2)
  A swamp drake (shapeshifter) (Vaults:4)
  An infernal demonspawn skeleton (Crypt:1)
  An orb spider zombie (Crypt:2)
  12 porcupines
  12 ice beasts
  6 water moccasins
  69 orc warriors
  2 sky beasts
  A swamp dragon zombie (Crypt:3)
  A black bear (shapeshifter) (Vaults:1)
  4 eyes of draining
  4 black bears
  14 necrophages
  18 wolves
  4 boggarts (Vaults:1)
  5 phantoms
  28 centaurs
  43 ogres
  16 crocodiles
  7 big kobolds
  A hog skeleton (Crypt:2)
  A gnoll sergeant (D:10)
  16 bullfrogs
  4 earth elementals
  A water moccasin zombie (Crypt:1)
  Dowan (D:4)
  2 scorpions
  11 wyvern skeletons
  A water moccasin skeleton (D:5)
  2 human simulacra
  10 troll zombies (WizLab)
  A raiju skeleton (Crypt:1)
  3 killer bees (D:11)
  A spriggan skeleton (Crypt:2)
  A troll skeleton (Crypt:2)
  A vampire bat (D:6)
  3 wights
  10 electric eels
  A howler monkey (D:5)
  4 crimson imps
  3 bullfrog zombies
  3 jellies
  A quasit (D:11)
  4 centaur zombies
  Crazy Yiuf (D:7)
  5 bullfrog skeletons
  24 orc priests
  A gnoll shaman (D:7)
  10 hounds
  40 orc wizards
  An iguana (D:12)
  Ijyb (D:3)
  16 worker ants
  2 killer bee zombies
  A demigod zombie (Crypt:1)
  8 ogre zombies (WizLab)
  An acid dragon zombie (Crypt:2)
  A hound zombie (D:6)
  A hound skeleton (D:7)
  2 worker ant zombies
  11 gnolls
  8 adders
  A swamp drake skeleton (Crypt:2)
  3 shadow imps
  7 oozes
  An adder zombie (D:5)
  A lava snake skeleton (Crypt:1)
  2 worms
  4 dart slugs
  6 leopard geckos
  127 orcs
  3 ball pythons
  19 bats
  7 giant cockroaches
  8 goblins
  9 hobgoblins
  8 jackals
  28 kobolds
  6 quokkas
  9 frilled lizards
  A quokka zombie (D:5)
  9 rats
  A withered plant (Crypt:3)
2035 creatures vanquished.

Vanquished Creatures (collateral kills)
  A greater mummy (Crypt:3)
  A tentacled monstrosity (Vaults:5)
  A titan (Vaults:5)
  2 acid blobs
  A shadow dragon (Vaults:5)
  A nagaraja (Snake:4)
  A storm dragon (Vaults:5)
  3 vault wardens (Vaults:5)
  A deep elf sorcerer (Vaults:2)
  A ghoul (Crypt:3)
  A curse skull (Crypt:3)
  A deep elf elementalist (Elf:3)
  The ghost of Azzok the Scorcher, a journeyman DsFE of Vehumet (Shoals:1)
  4 ironheart preservers
  2 deep elf demonologists
  2 deep elf annihilators (Vaults:5)
  2 ettins (Vaults:5)
  2 deep elf death magi (Vaults:5)
  A merfolk impaler (Shoals:4)
  A great orb of eyes (Slime:3)
  21 vault guards
  An ogre mage (Vaults:5)
  A merfolk avatar (Shoals:4)
  5 two-headed ogres (Vaults:5)
  A deep troll shaman (Vaults:5)
  A deep troll earth mage (Vaults:5)
  2 naga sharpshooters (Snake:4)
  A death yak (Shoals:2)
  A deep elf knight (Vaults:5)
  A skeletal warrior (Crypt:3)
  A flayed ghost (Vaults:5)
  2 deep trolls (Vaults:5)
  3 ironbrand convokers
  A phantasmal warrior (Vaults:5)
  7 deep elf magi
  A shining eye (Slime:5)
  A manticore (Shoals:4)
  A vault sentinel (Vaults:5)
  A freezing wraith (Vaults:5)
  A yaktaur (Vaults:5)
  2 merfolk (Shoals:4)
  A naga (Snake:4)
  An orc warrior (Vaults:5)
  3 ogres (Vaults:5)
  2 orcs (Vaults:5)
  A withered plant (Crypt:3)
94 creatures vanquished.

Vanquished Creatures (others)
  A vault warden (Vaults:5)
  An ironheart preserver (Vaults:5)
  3 two-headed ogres (Vaults:5)
  2 vault guards (Vaults:5)
  A two-headed ogre (shapeshifter) (Vaults:5)
  19 dancing weapons
  A deep elf knight (Vaults:5)
  An orc knight (Vaults:5)
  2 yaktaurs (Vaults:5)
  3 polar bears (IceCv)
  An ogre (Vaults:5)
  4 humans (Snake:4)
  A naga (Snake:4)
  3 fungi
  14 plants
  21 withered plants (Crypt:3)
78 creatures vanquished.

Grand Total: 2207 creatures vanquished

Notes
Turn   | Place    | Note
-------+----------+-------------------------------------------
     0 | D:1      | Kniotic the Spriggan Assassin began the quest for the Orb.
     0 | D:1      | Reached XP level 1. HP: 10/10 MP: 2/2
    17 | D:1      | Reached skill level 6 in Stealth
   159 | D:1      | Reached XP level 2. HP: 14/14 MP: 3/3
   401 | D:1      | Reached XP level 3. HP: 6/18 MP: 4/4
   828 | D:1      | Reached skill level 7 in Stealth
  1349 | D:2      | Found a radiant altar of Vehumet.
  1354 | D:2      | Found a bloodstained altar of Trog.
  1355 | D:2      | Found a hazy altar of Hepliaklqana.
  1360 | D:2      | Found a basalt altar of Yredelemnul.
  1361 | D:2      | Found an opulent altar of Gozag.
  1373 | D:2      | Became a worshipper of Gozag Ym Sagoz the Greedy
  1570 | D:2      | Reached XP level 4. HP: 22/22 MP: 5/5
  2381 | D:3      | Reached skill level 8 in Stealth
  2411 | D:3      | Reached XP level 5. HP: 6/25 MP: 6/6
  2958 | D:3      | Noticed Ijyb
  3804 | D:3      | Killed Ijyb
  3848 | D:4      | Noticed Dowan
  3891 | D:4      | Reached skill level 5 in Short Blades
  3920 | D:4      | Reached XP level 6. HP: 30/30 MP: 7/7
  3962 | D:4      | Reached skill level 9 in Stealth
  4200 | D:4      | Noticed a sky beast
  4233 | D:4      | Killed a sky beast
  4395 | D:4      | Noticed Duvessa
  4436 | D:4      | Killed Duvessa
  4712 | D:4      | Reached skill level 10 in Stealth
  4712 | D:4      | Reached XP level 7. HP: 27/33 MP: 8/8
  4751 | D:4      | Killed Dowan
  5896 | D:5      | Entered Level 5 of the Dungeon
  5995 | D:5      | Found a burning altar of Makhleb.
  6028 | D:5      | Found a glowing golden altar of the Shining One.
  6387 | D:5      | Reached skill level 11 in Stealth
  6476 | D:5      | Noticed Edmund
  7419 | D:5      | Reached skill level 12 in Stealth
  7419 | D:5      | Reached XP level 8. HP: 37/37 MP: 9/9
  7648 | D:5      | Killed Edmund
  8797 | D:5      | Reached skill level 13 in Stealth
  9673 | D:6      | Noticed Prince Ribbit
  9680 | D:6      | Killed Prince Ribbit
  9737 | D:6      | Noticed a troll
  9844 | D:6      | Killed a troll
  9844 | D:6      | Reached skill level 14 in Stealth
  9957 | D:6      | Reached XP level 9. HP: 40/41 MP: 10/10
  9958 | D:6      | Found a staircase to the Ecumenical Temple.
 10132 | D:6      | Noticed Grinder
 10139 | D:6      | Killed Grinder
 10681 | D:7      | Reached skill level 15 in Stealth
 11252 | D:7      | Found a hide-covered altar of Uskayaw.
 11254 | D:7      | Found a shimmering altar of Xom.
 12014 | D:7      | Found a runed door.
 12513 | D:7      | Found a snail-covered altar of Cheibriados.
 12515 | D:7      | Found a blossoming altar of Fedhas.
 13004 | D:7      | Noticed Crazy Yiuf
 13008 | D:7      | Killed Crazy Yiuf
 13469 | D:8      | Noticed Grum
 13474 | D:8      | Reached skill level 16 in Stealth
 13498 | D:8      | Killed Grum
 13498 | D:8      | Reached skill level 5 in Dodging
 13763 | D:8      | Noticed a troll
 14479 | D:8      | Reached XP level 10. HP: 35/46 MP: 11/11
 14616 | D:8      | Found a sacrificial altar of Ru.
 14675 | D:8      | Learned a level 1 spell: Confusing Touch
 14679 | D:8      | Learned a level 3 spell: Confuse
 15439 | D:8      | Found a staircase to the Lair.
 15671 | D:8      | Reached skill level 1 in Hexes
 16196 | D:9      | Reached skill level 17 in Stealth
 16431 | D:9      | Reached skill level 10 in Short Blades
 16659 | D:9      | Noticed a three-headed hydra
 16662 | D:9      | Killed a three-headed hydra
 16662 | D:9      | Reached skill level 18 in Stealth
 16710 | D:9      | Noticed a two-headed ogre
 16722 | D:9      | Killed a two-headed ogre
 17056 | D:9      | Reached XP level 11. HP: 39/49 MP: 12/12
 17143 | D:10     | Entered Level 10 of the Dungeon
 17143 | D:10     | Found a transporter.
 17158 | D:10     | Reached skill level 5 in Hexes
 17493 | D:10     | Noticed Erica
 17499 | D:10     | Killed Erica
 17552 | D:10     | Noticed Erolcha
 17559 | D:10     | Killed Erolcha
 17559 | D:10     | Reached skill level 19 in Stealth
 17655 | D:10     | Noticed raetorn's ghost (journeyman DgTm)
 17656 | D:10     | Found a transporter.
 17734 | D:10     | Noticed a two-headed ogre
 17741 | D:10     | Killed a two-headed ogre
 17787 | D:10     | Noticed Fannar
 17794 | D:10     | Killed Fannar
 17794 | D:10     | Reached skill level 10 in Dodging
 18285 | D:10     | Reached skill level 1 in Spellcasting
 19116 | D:11     | Noticed a two-headed ogre
 19191 | D:11     | Killed a two-headed ogre
 19206 | D:11     | Noticed an unseen horror
 19272 | D:11     | Killed an unseen horror
 19272 | D:11     | Reached skill level 20 in Stealth
 19417 | D:11     | Found a staircase to the Orcish Mines.
 19436 | D:11     | Found Baor's Demolitions Depot.
 19960 | D:11     | Found a transporter.
 20257 | Lair:1   | Entered Level 1 of the Lair of Beasts
 20263 | D:8      | Bought the ring of Mafrepaq {rF+ Dex+6} for 535 gold pieces
 20316 | Lair:1   | Reached XP level 12. HP: 53/53 MP: 16/18
 20409 | Lair:1   | Found a shadowy altar of Dithmenos.
 20574 | Lair:1   | Noticed Urug
 20589 | Lair:1   | Killed Urug
 21491 | Lair:2   | Reached skill level 21 in Stealth
 21631 | Lair:2   | Reached skill level 5 in Spellcasting
 21646 | Lair:2   | Found a staircase to the Snake Pit.
 21812 | Lair:2   | Found a staircase to the Shoals.
 23427 | Lair:3   | Found an ornate altar of the Wu Jian Council.
 24435 | Lair:4   | Noticed a catoblepas
 24605 | Lair:4   | Reached skill level 22 in Stealth
 24982 | Lair:4   | Reached XP level 13. HP: 30/57 MP: 24/24
 26286 | Lair:5   | Reached skill level 10 in Hexes
 26557 | Lair:5   | Found a staircase to the Slime Pits.
 27048 | Lair:5   | Got a jewelled chain mail
 27470 | Lair:6   | Entered Level 6 of the Lair of Beasts
 27672 | Lair:6   | Found a labyrinth entrance.
 27681 | Lab      | Entered a labyrinth
 27968 | Lab      | Found an exit through the horrors of the Abyss.
 28406 | Lab      | Noticed a minotaur
 28410 | Lab      | Killed a minotaur
 28411 | Lab      | Identified Fokkytes's Compendium of the Virous Escort
 28417 | Lab      | Learned a level 3 spell: Mephitic Cloud
 28576 | Lair:6   | Identified Boybiwoili's Reference Book on Freezing
                  | Summoning
 28730 | Lair:6   | Reached skill level 23 in Stealth
 28857 | Lair:5   | Bought a spiked cloak for 247 gold pieces
 28858 | Lair:5   | Identified the +0 cloak of Polish {*Contam rCorr Str+2}
                  | (You bought it in a shop on level 5 of the Lair of Beasts)
 28878 | Lair:5   | Bought a glowing robe for 96 gold pieces
 30372 | Lair:6   | Reached XP level 14. HP: 58/67 MP: 28/28
 31385 | Lair:5   | Bought the +2 hat of the Bear Spirit {Spirit, +Rage rN+
                  | MR++} for 1016 gold pieces
 31385 | Lair:5   | Found the +2 hat of the Bear Spirit {Spirit, +Rage rN+
                  | MR++}
 31718 | Orc:1    | Entered Level 1 of the Orcish Mines
 31718 | Orc:1    | Noticed Gastronok
 31721 | Orc:1    | Killed Gastronok
 31906 | Orc:1    | Noticed Maurice
 31942 | Orc:1    | Killed Maurice
 32126 | Orc:1    | Found Xepsogh's Assorted Antiques.
 32218 | Orc:1    | Noticed Harold
 32358 | Orc:1    | Killed Harold
 32617 | Orc:1    | Reached skill level 5 in Fighting
 32617 | Orc:1    | Reached skill level 24 in Stealth
 32617 | Orc:1    | Reached skill level 1 in Air Magic
 32667 | Orc:1    | Bought a scroll of identify for 72 gold pieces
 32819 | Orc:2    | Entered Level 2 of the Orcish Mines
 33942 | Orc:2    | Found a staircase to the Elven Halls.
 34288 | Orc:2    | Noticed an orc warlord
 34900 | Orc:2    | Noticed an orc warlord
 34937 | Orc:2    | Reached skill level 10 in Spellcasting
 36209 | Orc:2    | Killed an orc warlord
 36947 | Orc:1    | Killed an orc warlord
 37880 | Orc:2    | Found Desianat's General Store.
 37881 | Orc:2    | Found Zinor's Jewellery Boutique.
 37883 | Orc:2    | Found Cihasets's Antique Armour Shop.
 37883 | Orc:2    | Found Assaas's Antique Weapon Shop.
 37944 | Orc:2    | Bought a spiked cloak for 275 gold pieces
 37949 | Orc:2    | Identified the +2 cloak of Irphiti {Dex+2} (You bought it
                  | in a shop on level 2 of the Orcish Mines)
 37957 | Orc:2    | Bought the amulet "Lupt" {rC++ MR- Regen+ Slay+5} for 926
                  | gold pieces
 38264 | D:12     | Found a deep blue altar of Sif Muna.
 38912 | D:12     | Reached skill level 25 in Stealth
 39102 | D:13     | Found a gate to the Vaults.
 39152 | D:13     | Found a frozen archway.
 39204 | D:13     | Got a jewelled long sword
 39214 | IceCv    | Entered an ice cave
 39250 | IceCv    | Reached XP level 15. HP: 65/73 MP: 18/30
 39508 | IceCv    | Noticed a frost giant
 39614 | IceCv    | Killed a frost giant
 40721 | D:14     | Reached skill level 5 in Air Magic
 40969 | D:14     | Found a sacrificial altar of Ru.
 41126 | D:14     | Found Kaphum's Assorted Antiques.
 41445 | D:15     | Entered Level 15 of the Dungeon
 41917 | D:15     | Reached skill level 26 in Stealth
 42269 | Orc:2    | Bought the ring "Ufun" {MR+ Dex+6 Slay+2 SInv Stlth+} for
                  | 718 gold pieces
 43056 | D:15     | Found a staircase to the Depths.
 43635 | Snake:1  | Entered Level 1 of the Snake Pit
 43784 | Snake:1  | Reached XP level 16. HP: 74/81 MP: 26/33
 43832 | Snake:1  | Found Zaseoqeq's Weapon Emporium.
 43845 | Snake:1  | Found Epsios's Armour Shoppe.
 43982 | Snake:1  | Found Adghyug's Weapon Shop.
 44656 | Snake:1  | Bought the +7 rapier of Quadugei {pierce, Fragile rElec
                  | rPois Dex+5} for 961 gold pieces
 45139 | Snake:2  | Reached skill level 27 in Stealth
 47900 | Snake:4  | Entered Level 4 of the Snake Pit
 48060 | Snake:4  | Noticed Nikola
 48199 | Snake:4  | Noticed Kirke
 48202 | Snake:4  | Killed Nikola
 48242 | Snake:3  | Reached XP level 17. HP: 75/85 MP: 31/36
 48298 | Snake:4  | Killed Kirke
 48731 | D:11     | Got a vibrating ivory ring
 48748 | D:11     | Found a transporter.
 48762 | D:11     | Identified the Incunabulum of Combat Magic
 48784 | D:11     | Identified the ring "Oshragh" {rPois rN+ MR++ Int+3 Dex-4}
                  | (You found it on level 11 of the Dungeon)
 48804 | D:11     | Identified 2 scrolls of acquirement
 48810 | D:11     | Identified the Catalogue of the Mutagenic Birds (You
                  | acquired it on level 11 of the Dungeon)
 48988 | Orc:1    | Bought a papyrus book for 540 gold pieces
 49165 | Shoals:1 | Entered Level 1 of the Shoals
 52313 | Snake:4  | Learned a level 5 spell: Summon Mana Viper
 53009 | Snake:4  | Got a serpentine rune of Zot
 53215 | Lair:2   | Bought the +2 cloak of the Thief {+Fog Slay-2 SInv Stlth+}
                  | for 301 gold pieces
 53215 | Lair:2   | Found the +2 cloak of the Thief {+Fog Slay-2 SInv Stlth+}
 53686 | Shoals:1 | Found a runed gate.
 53687 | Shoals:1 | Found a runed gate.
 53688 | Shoals:1 | Found a runed gate.
 53727 | Shoals:1 | Noticed Azzok's ghost (journeyman DsFE)
 54306 | Shoals:1 | Reached skill level 15 in Hexes
 54443 | Shoals:1 | Killed Azzok's ghost
 54466 | Shoals:1 | Identified the Guide on Moulding and Protection
 54582 | Shoals:2 | Found Wiafuowymo's Jewellery Emporium.
 54771 | Shoals:2 | Reached XP level 18. HP: 74/90 MP: 23/37
 55625 | Shoals:3 | Noticed Polyphemus
 55674 | Shoals:3 | Killed Polyphemus
 56230 | Shoals:3 | Reached skill level 15 in Dodging
 57016 | Shoals:4 | Entered Level 4 of the Shoals
 57470 | Shoals:4 | Learned a level 4 spell: Cause Fear
 57486 | Shoals:4 | Noticed Ilsuiw
 58230 | Shoals:4 | Got a barnacled rune of Zot
 59044 | Shoals:4 | Killed Ilsuiw
 59225 | D:8      | Learned a level 6 spell: Darkness
 59232 | D:8      | Learned a level 6 spell: Invisibility
 59246 | D:8      | Bought an ichor-stained robe for 250 gold pieces
 59246 | D:8      | Bought a shimmering robe for 250 gold pieces
 59246 | D:8      | Bought an ominously black robe for 250 gold pieces
 59247 | D:8      | Identified the +2 robe of Optatara {rF- Str+2 Int+2} (You
                  | bought it in a shop on level 8 of the Dungeon)
 59353 | D:10     | Killed raetorn's ghost
 59382 | D:10     | Identified the +1 robe of Baldness {MR+ Str+3 Slay+6} (You
                  | bought it in a shop on level 8 of the Dungeon)
 59623 | Elf:1    | Entered Level 1 of the Elven Halls
 59660 | Elf:1    | Noticed Frances
 59708 | Elf:1    | Killed Frances
 59938 | Elf:1    | Found Ejeinid's Jewellery Shoppe.
 59943 | Elf:1    | Found Munom's Antique Weapon Shoppe.
 59994 | Elf:1    | Found Faig's Gadget Boutique.
 60115 | Elf:1    | Found Vana's Weapon Boutique.
 60145 | Elf:1    | Identified the Reference Book on the Escort
 60178 | Elf:1    | Reached XP level 19. HP: 92/93 MP: 35/38
 61032 | Elf:2    | Found a magical portal.
 61047 | WizLab   | Entered Zonguldrok's Shrine
 61548 | WizLab   | Noticed an antique lich
 61577 | WizLab   | Killed an antique lich
 61612 | WizLab   | Found the +9 sword of Zonguldrok {reap}
 61693 | Elf:2    | Learned a level 5 spell: Yara's Violent Unravelling
 62164 | Elf:3    | Entered Level 3 of the Elven Halls
 62198 | Elf:2    | Noticed Azrael
 62211 | Elf:2    | Killed Azrael
 62228 | Elf:2    | Found a huge runed gate.
 62228 | Elf:2    | Found a huge runed gate.
 62228 | Elf:2    | Found a huge runed gate.
 62983 | Elf:3    | Reached skill level 15 in Spellcasting
 63361 | Elf:3    | Identified the +2 robe of a ziggurat {rElec Regen+ Dex+4}
                  | (You bought it in a shop on level 8 of the Dungeon)
 64146 | Vaults:1 | Entered Level 1 of the Vaults
 65214 | Vaults:1 | Reached XP level 20. HP: 86/98 MP: 35/40
 65283 | Vaults:1 | Found Fekojato's Distillery.
 65297 | Vaults:1 | Bought a potion of curing for 51 gold pieces
 65297 | Vaults:1 | Bought a potion of curing for 51 gold pieces
 65774 | Vaults:1 | Found a roughly hewn altar of Beogh.
 66391 | Vaults:2 | Found Aqiowkan's Assorted Antiques.
 66399 | Vaults:2 | Bought a scroll of blinking for 262 gold pieces
 66779 | Vaults:2 | Noticed a bone dragon
 66809 | Vaults:2 | Killed a bone dragon
 66883 | Vaults:2 | Found a staircase to the Crypt.
 67874 | Vaults:3 | Reached skill level 15 in Short Blades
 68487 | Vaults:3 | You fall through a shaft!
 68946 | Vaults:4 | Found Aluown's General Store.
 69260 | Vaults:4 | Found a snail-covered altar of Cheibriados.
 69282 | Vaults:4 | Bought a scroll of identify for 34 gold pieces
 69282 | Vaults:4 | Bought a ration for 85 gold pieces
 69282 | Vaults:4 | Bought a ration for 85 gold pieces
 69295 | Vaults:4 | Reached XP level 21. HP: 102/102 MP: 32/42
 71749 | Elf:3    | Got a vibrating granite ring
 72738 | Elf:3    | Found the +0 mask of the Dragon {MR+ Slay+3 SInv}
 72808 | Elf:3    | Identified Sif Muna's Papyrus of Ensnaring Transformation
 72916 | Elf:3    | Identified the ring of Vemoraff {*Tele rPois Dex+2 Stlth-}
                  | (You took it off a deep elf master archer on level 3 of the
                  | Elven Halls)
 72978 | Elf:3    | Got a smoking silver ring
 73019 | Elf:3    | Identified the ring "Relufoa" {MR+ Str+5} (You took it off
                  | a deep elf elementalist on level 3 of the Elven Halls)
 73492 | Crypt:1  | Entered Level 1 of the Crypt
 76016 | Crypt:2  | Reached XP level 22. HP: 107/107 MP: 44/44
 76420 | Crypt:3  | Entered Level 3 of the Crypt
 76439 | Crypt:3  | Noticed Margery
 77334 | Crypt:3  | Found a staircase to the Tomb.
 77722 | Crypt:3  | Noticed a greater mummy
 78512 | Crypt:3  | Noticed a greater mummy
 78589 | Crypt:3  | Killed a greater mummy
 78672 | Crypt:3  | Killed Margery
 79038 | Crypt:3  | Killed a greater mummy
 79405 | Crypt:3  | Got an ancient brass ring
 79405 | Crypt:3  | Got a clouded emerald amulet
 79456 | Crypt:3  | Identified the ring "Buityewn" {rN+ Str+2} (You found it on
                  | level 3 of the Crypt)
 79457 | Crypt:3  | Identified the amulet of Ixeutho {rF+ Regen+} (You found it
                  | on level 3 of the Crypt)
 79463 | Crypt:3  | Got a pitted granite ring
 79464 | Crypt:3  | Identified the ring "Zuepryemo" {*Slow rElec rPois rN+
                  | Stlth+} (You found it on level 3 of the Crypt)
 79795 | Crypt:3  | Found a basalt altar of Yredelemnul.
 80398 | D:15     | Bought the Almanac of the Eight Allies for 1035 gold pieces
 80409 | D:15     | Learned a level 8 spell: Discord
 80631 | Vaults:5 | Entered Level 5 of the Vaults
 80839 | Vaults:5 | Reached XP level 23. HP: 107/111 MP: 26/46
 81613 | Vaults:5 | Identified the Incunabulum of Damaging Malediction
 82045 | Vaults:5 | Found Byroa's Assorted Antiques.
 82060 | Vaults:5 | Identified Sif Muna's Collected Works on Frigorific Clay
 82256 | Vaults:5 | Got a fine silver ring
 82479 | Vaults:5 | Found Refir's Gadget Shoppe.
 82479 | Vaults:5 | Noticed an ancient lich
 82589 | Vaults:5 | Killed an ancient lich
 83010 | Vaults:5 | Got a silver rune of Zot
 83832 | Slime:1  | Entered Level 1 of the Pits of Slime
 85363 | Slime:4  | Reached XP level 24. HP: 115/115 MP: 47/47
 85697 | Slime:5  | Entered Level 5 of the Pits of Slime
 85779 | Slime:5  | Found a viscous altar of Jiyva.
 85779 | Slime:5  | Noticed the Royal Jelly
 86985 | Slime:5  | HP: 2/115 [acid blob/splash of acid (10)]
 86985 | Slime:5  | Splashed by an acid blob's acid

Skill      XL: |  1  2  3  4  5  6  7  8  9 10 11 12 13 14 15 16 17 18 19 20 21 22 23 |
---------------+----------------------------------------------------------------------+-----
Stealth        | 6 7 8 10 12 14 16 18 20 22 23 25 26 27 | 27.0
Short Blades   | 3 4 5 6 7 8 9 10 11 13 14 15 16 17 18 | 18.3
Dodging        | 5 8 10 12 14 16 17 19 20 21 22 | 22.7
Hexes          | 4 7 9 11 12 15 17 19 21 22 23 25 | 25.3
Spellcasting   | 3 6 9 10 12 14 15 16 17 18 19 | 19.6
Fighting       | 4 6 7 8 |  8.0
Air Magic      | 3 6 9 |  9.3
Throwing       | |  2.0

Action                   |  1- 3 |  4- 6 |  7- 9 | 10-12 | 13-15 | 16-18 | 19-21 | 22-24 || total
-------------------------+-------+-------+-------+-------+-------+-------+-------+-------++-------
Melee: Dagger            |   153 |   280 |  1077 |  1083 |  2028 |    99 |       |       ||  4720
       Unarmed           |       |       |       |   108 |   195 |     2 |       |       ||   305
       Rapier            |       |       |       |       |       |  1421 |  1706 |  1307 ||  4434
 Fire: Blowgun           |       |     6 |    22 |       |     3 |       |       |       ||    31
 Cast: Confusing Touch   |       |       |       |    58 |    87 |     2 |       |       ||   147
       Confuse           |       |       |       |    12 |   124 |   250 |    13 |     9 ||   408
       Mephitic Cloud    |       |       |       |       |    25 |    20 |       |       ||    45
       Summon Mana Viper |       |       |       |       |       |    29 |    32 |    49 ||   110
       Invisibility      |       |       |       |       |       |     1 |     8 |     3 ||    12
       Yara's Violent Un |       |       |       |       |       |       |     3 |     4 ||     7
       Darkness          |       |       |       |       |       |       |     3 |       ||     3
       Discord           |       |       |       |       |       |       |       |     8 ||     8
Invok: Call Merchant     |       |       |     1 |     1 |     3 |     2 |     1 |     2 ||    10
Evoke: Wand              |       |     5 |    28 |    30 |     8 |     2 |       |     2 ||    75
       Sack of spiders   |       |       |       |       |       |       |       |     2 ||     2
  Use: Scroll            |       |     3 |     6 |     2 |    20 |    15 |    15 |     6 ||    67
       Potion            |       |     1 |     2 |     1 |     3 |     4 |     2 |     3 ||    16
 Stab: Sleeping          |    13 |    13 |    31 |    69 |    84 |    98 |   164 |    80 ||   552
       Distracted        |     2 |     1 |    10 |     9 |    50 |    44 |    67 |    52 ||   235
       Confused          |       |       |     1 |    52 |   169 |    91 |     1 |     7 ||   321
       Paralysed         |       |       |       |     1 |     1 |       |       |       ||     2
       Petrified         |       |       |       |       |     3 |       |       |       ||     3
       Invisible         |       |       |       |       |       |    13 |    46 |    26 ||    85
  Eat: Ration            |       |     3 |     5 |     8 |    13 |    12 |    14 |    13 ||    68
Armor: Robe              |    19 |     9 |    64 |    32 |    36 |    36 |    30 |    36 ||   262
       Skin              |       |    19 |       |       |       |       |       |       ||    19
Dodge: Dodged            |   113 |   143 |   465 |   604 |  1267 |  1328 |  1021 |   929 ||  5870
